 Dungeon Crawl Stone Soup version 0.30-a0-4-ga7cffc901d (webtiles) character file.

Game seed: 5161491167300322128

11847 siradein the Cleaver (level 11, -7/104 HPs)
             Began as a Hill Orc Fighter on Aug 21, 2022.
             Was a Believer of Kikubaaqudgha.
             Mangled by a vampire (8 damage)
             ... on level 11 of the Dungeon.
             The game lasted 00:19:36 (12907 turns).

siradein the Cleaver (Hill Orc Fighter)            Turns: 12907, Time: 00:19:37

Health: -7/104     AC:  9    Str: 20    XL:     11   Next: 84%
Magic:  0/15       EV: 14    Int: 12    God:    Kikubaaqudgha [**....]
Gold:   875        SH:  5    Dex: 10    Spells: 8/16 levels left

rFire   . . .      SeeInvis .    a - +1 war axe (freeze)
rCold   . . .      Faith    .    c - +0 buckler
rNeg    . . .      Spirit   +    Q - +1 ring mail {rC+}
rPois   .          Reflect  .    (no helmet)
rElec   .          Harm     .    i - +1 cloak of Lumo {rC- Will++ Slay+3}
rCorr   .          Rampage  .    o - +2 pair of gloves
Will    ++...                    B - +2 pair of boots
Stlth   ..........               J - amulet of guardian spirit
HPRegen 0.27/turn                m - +4 ring of protection
MPRegen 0.14/turn                u - +4 ring of evasion

@: corroded
A: no striking features
a: Renounce Religion, Unearth Wretches


You were on level 11 of the Dungeon.
You worshipped Kikubaaqudgha.
Kikubaaqudgha was pleased with you.
You visited 2 branches of the dungeon, and saw 12 of its levels.
You also visited: Sewer.

You collected 875 gold pieces.

Inventory:

Hand Weapons
 a - a +1 war axe of freezing (weapon)
Missiles
 k - 7 boomerangs
 l - 10 javelins
 n - 6 silver javelins
 A - 3 throwing nets
Armour
 c - a +0 buckler (worn)
 i - the +1 cloak of Lumo (worn) {rC- Will++ Slay+3}
   (You found it on level 9 of the Dungeon)

   Slay:      It affects your accuracy & damage with ranged weapons and melee
   (+3).
   rC:        It makes you vulnerable to cold.
   Will:      It greatly increases your willpower.
 o - a +2 pair of gloves (worn)
 B - a +2 pair of boots (worn)
 Q - a +1 ring mail of cold resistance (worn)
Magical Staves
 R - a staff of death
Jewellery
 b - a ring of wizardry
 m - a +4 ring of protection (left hand)
 u - a +4 ring of evasion (right hand)
 y - a ring of magical power
 J - an amulet of guardian spirit (around neck)
 M - a ring of resist corrosion
Wands
 v - a wand of paralysis (8)
 L - a wand of quicksilver (12)
 O - a wand of roots (3)
 P - a wand of flame (33)
Scrolls
 e - 2 scrolls of brand weapon
 f - a scroll of immolation
 q - 2 scrolls of magic mapping
 r - 8 scrolls of teleportation
 t - 2 scrolls of fear
 x - 2 scrolls of enchant weapon
 C - 2 scrolls of fog
 D - a scroll of summoning
 F - a scroll of identify
 K - 3 scrolls of blinking
 U - a scroll of torment
Potions
 d - 3 potions of might
 g - 4 potions of brilliance
 h - 3 potions of curing
 j - 2 potions of ambrosia
 p - 3 potions of lignification {unknown}
 s - 4 potions of heal wounds
 w - a potion of cancellation {unknown}
 z - 2 potions of mutation {unknown}
 E - 4 potions of haste
 H - 2 potions of degeneration {unknown}
 I - 2 potions of magic {unknown}
 N - a potion of flight {unknown}
 S - a potion of resistance {unknown}
 T - a potion of berserk rage {unknown}


   Skills:
 + Level 11.8 Fighting
 + Level 12.3 Axes
 - Level 10.0 Armour
 - Level 7.0 Shields
 + Level 3.3 Spellcasting
 + Level 6.6 Necromancy


You had 8 spell levels left.
You knew the following spells:

 Your Spells              Type           Power      Damage    Failure   Level
a - Vampiric Draining     Necr           18%        2d7       9%          3
b - Borgnjor's Vile Clut  Necr/Erth      5%         N/A       97%         5

Your spell library contained the following spells:

 Spells                   Type           Power      Damage    Failure   Level
 Necrotise                Necr           72%        1d7       3%          1
 Sublimation of Blood     Necr           18%        N/A       4%          2
 Magic Dart               Conj           4%         1d3       43%         1
 Searing Ray              Conj           2%         2d4       56%         2
 Static Discharge         Conj/Air       1%         3-4/arc   56%         2
 Anguish                  Hex/Necr       5%         N/A       75%         4
 Fulminant Prism          Conj/Hex       0%         3d6       99%         4
 Alistair's Intoxication  Tmut/Pois      0%         N/A       100%        5
 Lightning Bolt           Conj/Air       0%         1d11      100%        5
 Eringya's Noxious Bog    Tmut/Pois      0%         N/A       100%        6
 Maxwell's Capacitive Co  Air            0%         ∞         100%        8


Dungeon Overview and Level Annotations

Branches:
Dungeon (11/15)            Temple (1/1) D:7            Lair (0/5) D:8
  Sewer (visited)
    Orc: D:9-12

Altars:
Ashenzari
Cheibriados
Dithmenos
Elyvilon
Fedhas
Gozag
Kikubaaqudgha
Makhleb
Nemelex Xobeh
Okawaru
Qazlal
Ru
Sif Muna
Trog
Uskayaw
Vehumet
Wu Jian
Xom
Zin
The Shining One

Annotations:
D:7 1 runed translucent door, Asceticacid's ghost, novice MeHu
D:10 2 runed translucent doors, nickcage's ghost, journeyman MfGl


Message History

You hit the acid dragon. You freeze the acid dragon.
The acid dragon is severely wounded.
You hit something but do no damage. The acid dragon bites you!
You block the acid dragon's attack. Something hits you!
* * * LOW HITPOINT WARNING * * *
Something bites you but does no damage.
Unknown command.
Casting: Vampiric Draining (mildly dangerous; 9% risk of failure)
Confirm with . or Enter, or press ? or * to list all spells.
Aiming: Vampiric Draining (mildly dangerous; 9% risk of failure)
Press: ? - help, Shift-Dir - straight line, f - acid dragon
Aim: an acid dragon (severely wounded, catching its breath)
You draw life force from the acid dragon.
You feel life coursing into your body. The acid dragon bites you!
* * * LOW HITPOINT WARNING * * *
The acid dragon claws you.
* * * LOW HITPOINT WARNING * * *
Something hits you!
* * * LOW HITPOINT WARNING * * *
Something completely misses you.
An orc comes into view. It is wielding a +1 antimagic hand axe.
Unknown command.
You barely miss the acid dragon.
The acid dragon is almost dead.
You miss something. You barely miss the orc. The acid dragon bites you.
* * * LOW HITPOINT WARNING * * *
You block the acid dragon's attack. Something hits you but does no damage.
Something bites you!
* * * LOW HITPOINT WARNING * * *
Something draws strength from your injuries!
The orc closely misses you.
You hit the orc but do no damage. You slash the acid dragon!
You freeze the acid dragon.
You kill the acid dragon!
Kikubaaqudgha accepts your kill.
The acid dragon scales are intact enough to wear.
You hit something but do no damage. You block the orc's attack.
Something hits you but does no damage. Something bites you!
You die...
Kikubaaqudgha rasps: "You have failed me!
Welcome... death!"

##....###..##
##........
##....#....###.........
##.........#..........
##.............^..o..
##..................
##.................
##................
##.......o[......
##......@.......
##.....{.......
##...........#
##...........
##...#......
##.###..... ## ....)
.....


You could see 2 orcs.

Vanquished Creatures
  Erica (D:8)
  A two-headed ogre (D:9)
  Urug (D:11)
  Pikel (D:8)
  An unseen horror (D:11)
  A gargoyle (D:10)
  Psyche (D:8)
  A troll (D:11)
  Prince Ribbit (D:6)
  17 yaks
  A basilisk (D:11)
  2 vampire mosquitoes (D:10)
  Menkaure (D:7)
  2 water moccasins (D:7)
  2 acid dragons
  Duvessa (D:6)
  2 orc warriors
  4 ice beasts
  2 sky beasts
  2 ogres
  3 centaurs
  2 bullfrogs
  3 kobold brigands
  Blork the orc (D:6)
  4 scorpions
  A gnoll sergeant (D:7)
  2 necrophages
  19 wights
  Dowan (D:6)
  20 killer bees
  4 howler monkeys
  A jelly (D:6)
  6 hounds
  A gnoll bouda (D:4)
  6 iguanas
  3 orc priests
  8 orc wizards
  14 gnolls
  14 adders
  4 river rats (Sewer)
  A shadow imp (D:7)
  A white imp (D:7)
  An ufetubus (D:5)
  3 worms
  20 orcs
  3 endoplasms
  11 giant cockroaches
  7 goblins
  6 hobgoblins
  14 jackals
  4 quokkas
  6 ball pythons
  6 bats
  7 frilled lizards
  18 kobolds
  15 rats
285 creatures vanquished.

Vanquished Creatures (others)
  An orc (D:8)
  25 plants
26 creatures vanquished.

Grand Total: 311 creatures vanquished

Notes
Turn   | Place    | Note
-------+----------+-------------------------------------------
     0 | D:1      | siradein the Hill Orc Fighter began the quest for the Orb.
     0 | D:1      | Reached XP level 1. HP: 19/19 MP: 1/1
    44 | D:1      | Found a faded altar of an unknown god.
   161 | D:1      | Reached XP level 2. HP: 25/27 MP: 2/2
   166 | D:1      | Reached skill level 3 in Axes
   696 | D:1      | Reached XP level 3. HP: 33/33 MP: 3/3
  1207 | D:2      | Reached XP level 4. HP: 40/40 MP: 4/4
  1637 | D:3      | Found a sacrificial altar of Ru.
  1878 | D:3      | Found a shadowy altar of Dithmenos.
  1878 | D:3      | Found an opulent altar of Gozag.
  1901 | D:3      | Reached skill level 4 in Axes
  1901 | D:3      | Reached XP level 5. HP: 46/47 MP: 5/5
  2420 | D:4      | Noticed an ogre
  2432 | D:4      | Killed an ogre
  2433 | D:4      | Reached skill level 5 in Fighting
  2433 | D:4      | Reached XP level 6. HP: 54/56 MP: 6/6
  2586 | D:4      | Found a glowing drain.
  2602 | Sewer    | Entered a sewer
  2755 | Sewer    | Reached skill level 5 in Axes
  3094 | Sewer    | Reached skill level 5 in Shields
  3147 | Sewer    | Reached skill level 5 in Armour
  3190 | Sewer    | Reached XP level 7. HP: 61/61 MP: 7/7
  4978 | D:5      | Entered Level 5 of the Dungeon
  4983 | D:5      | Reached skill level 6 in Axes
  5118 | D:5      | Reached XP level 8. HP: 66/71 MP: 8/8
  5339 | D:5      | Found a stormy altar of Qazlal.
  5408 | D:5      | Found a radiant altar of Vehumet.
  5806 | D:6      | Reached skill level 7 in Axes
  5924 | D:6      | Noticed Prince Ribbit
  5946 | D:6      | Killed Prince Ribbit
  5947 | D:6      | Reached XP level 9. HP: 67/80 MP: 7/9
  6136 | D:6      | Noticed Blork the orc
  6141 | D:6      | Killed Blork the orc
  6142 | D:6      | Reached skill level 8 in Axes
  6637 | D:6      | Noticed Dowan
  6639 | D:6      | Noticed Duvessa
  6652 | D:6      | Killed Duvessa
  6685 | D:6      | Killed Dowan
  7141 | D:7      | Found a staircase to the Ecumenical Temple.
  7141 | D:7      | Found a runed translucent door.
  7148 | Temple   | Entered the Ecumenical Temple
  7207 | Temple   | Became a worshipper of Kikubaaqudgha
  7583 | D:7      | Reached skill level 1 in Necromancy
  7592 | D:7      | Reached skill level 9 in Axes
  7758 | D:7      | Noticed Asceticacid's ghost (novice MeHu)
  7968 | D:7      | Reached * piety under Kikubaaqudgha
  7968 | D:7      | Received a gift from Kikubaaqudgha
  7984 | D:7      | Learned a level 3 spell: Vampiric Draining
  7990 | D:7      | Learned a level 5 spell: Borgnjor's Vile Clutch
  8030 | D:7      | Noticed Menkaure
  8040 | D:7      | Killed Menkaure
  8041 | D:7      | Reached XP level 10. HP: 71/91 MP: 7/10
  8611 | D:8      | Found a staircase to the Lair.
  8821 | D:8      | Reached skill level 10 in Axes
  9201 | D:8      | Noticed Erica
  9214 | D:8      | Killed Erica
  9427 | D:8      | Noticed Psyche
  9598 | D:8      | Killed Psyche
  9599 | D:8      | Reached skill level 10 in Fighting
 10035 | D:8      | Found a white marble altar of Elyvilon.
 10038 | D:8      | Found a broken altar of Ashenzari.
 10039 | D:8      | Found a bloodstained altar of Trog.
 10138 | D:8      | Found a shimmering altar of Xom.
 10139 | D:8      | Found a blossoming altar of Fedhas.
 10141 | D:8      | Found a glowing golden altar of the Shining One.
 10141 | D:8      | Found an ornate altar of the Wu Jian Council.
 10142 | D:8      | Found a hide-covered altar of Uskayaw.
 10144 | D:8      | Found a burning altar of Makhleb.
 10149 | D:8      | Found a shimmering blue altar of Sif Muna.
 10150 | D:8      | Found a sparkling altar of Nemelex Xobeh.
 10186 | D:8      | Noticed Pikel
 10195 | D:8      | Killed Pikel
 10375 | D:9      | Reached skill level 11 in Axes
 10381 | D:9      | Reached skill level 5 in Necromancy
 10397 | D:9      | Reached skill level 1 in Spellcasting
 10397 | D:9      | Reached XP level 11. HP: 64/101 MP: 8/12
 10740 | D:9      | Reached ** piety under Kikubaaqudgha
 10744 | D:9      | Reached skill level 10 in Armour
 10861 | D:9      | Identified the +1 cloak of Lumo {rC- Will++ Slay+3}
 10880 | D:9      | Noticed a two-headed ogre
 10898 | D:9      | Killed a two-headed ogre
 11318 | D:10     | Entered Level 10 of the Dungeon
 11759 | D:10     | Found a large runed translucent door.
 11759 | D:10     | Found a large runed translucent door.
 11763 | D:10     | Noticed nickcage's ghost (journeyman MfGl)
 11915 | D:10     | Reached skill level 12 in Axes
 12502 | D:11     | Noticed Urug
 12521 | D:11     | Killed Urug
 12906 | D:11     | HP: 1/104 [something (8)]
 12907 | D:11     | Mangled by a vampire

Illustrated notes

Levels and vault maps discovered:
D:1:      lightli_arrival_maybe_door_vault, layout_loops_cross,
          hellmonk_ecumenical_altar_blasted, minmay_pentomino_s4
D:2:      layout_loops_cross, moated_statue, minmay_small_reverse_x
D:3:      layout_loops_cross, nicolae_ru_sacrificial_ziggurat, minitemple,
          minmay_misc_feat_five, minmay_tree_intersection,
          hangedman_feature_mirror
D:4:      layout_basic, portal_sewer_entry_f, enter_ossuary_1
D:5:      layout_rooms, marbit_many_paths, lemuel_crystal_altar
D:6:      layout_basic, uniq_blork_the_orc, uniq_duvessa, uniq_prince_ribbit1
D:7:      layout_rooms, minmay_temple_entry_gardened_gates,
          ebering_ghost_reflecting_pool, uniq_menkaure
D:8:      layout_basic, nicolae_overflow_hallway_of_the_gods, dpeg_oklobed_lair,
          uniq_erica, uniq_pikel, uniq_psyche
D:9:      layout_rooms
D:10:     layout_loops_ring, ebering_ghost_disaster_area
D:11:     layout_big_octagon, portal_ice_cave_entry_pillars_2, uniq_urug
Temple:   nicolae_temple_superstar

Skill      XL: |  1  2  3  4  5  6  7  8  9 10 11 |
---------------+----------------------------------+-----
Axes           | 3 4 5 6 7 9 11 12 | 12.3
Fighting       | 4 5 6 7 9 10 11 | 11.8
Armour         | 4 5 7 8 9 10 | 10.0
Shields        | 4 5 7 |  7.0
Necromancy     | 2 5 6 |  6.6
Spellcasting   | 1 3 |  3.3

Action                   |  1- 3 |  4- 6 |  7- 9 | 10-12 || total
-------------------------+-------+-------+-------+-------++-------
Melee: War axe           |    82 |   245 |   383 |   436 ||  1146
 Cast: Vampiric Draining |       |       |       |     6 ||     6
  Use: Scroll            |       |       |     6 |    10 ||    16
       Potion            |       |       |     1 |     1 ||     2
Armor: Scale mail        |    31 |       |       |       ||    31
       Plate armour      |     7 |   139 |   235 |     8 ||   389
       Ring mail         |       |       |       |   203 ||   203
Dodge: Dodged            |    42 |    95 |   158 |   256 ||   551
Block: Buckler           |    20 |    68 |    90 |   112 ||   290

Table legend: (Time is in decaauts)
 A = Elapsed time spent in this place.
 B = Non-inter-level travel time spent in this place.
 C = Inter-level travel time spent in this place.
 D = Time resting spent in this place.
 E = Time spent auto-exploring this place.
 F = Levels seen in this place.
 G = Mean time per level.
                   A        B        C        D        E       F      G
               +--------+--------+--------+--------+--------+-----+--------+
         Total |  13246 |  12867 |    379 |    777 |   9247 |  13 | 1018.9 |
       Dungeon |  11622 |  11285 |    337 |    421 |   8399 |  11 | 1056.5 |
        Temple |    413 |    371 |     42 |    287 |     46 |   1 |  413.0 |
         Sewer |   1210 |   1210 |      0 |     69 |    802 |   1 | 1210.0 |
               +--------+--------+--------+--------+--------+-----+--------+

Top non-repeatable levels by time:
     D:8: 1677 daAuts
     D:4: 1611 daAuts
     D:6: 1423 daAuts
   Sewer: 1210 daAuts
     D:7: 1188 daAuts
     D:3: 886 daAuts
    D:10: 886 daAuts
     D:9: 865 daAuts
     D:1: 847 daAuts
     D:5: 816 daAuts
     D:2: 725 daAuts
    D:11: 694 daAuts
  Temple: 413 daAuts
